[Event "*** Titled Tuesday Blitz"]
[Site "Chess.com"]
[Date "2020.01.07"]
[Round "6"]
[White "M1711"]
[Black "liczner"]
[Result "0-1"]
[WhiteElo "2544"]
[BlackElo "2793"]
[TimeControl "180+2"]
[EndTime "14:24:31 PST"]
[Termination "liczner won by resignation"]

1. d4 Nf6 2. Bg5 e6 3. e4 h6 4. Bxf6 Qxf6 5. c3 d5 6. Nd2 Qd8 7. Ngf3 Be7 8. Bd3 O-O 9. O-O dxe4 10. Nxe4 Nd7 11. Qe2 b6 12. Nd6 cxd6 13. Qe4 Nf6 14. Qxa8 Qc7 15. Rfe1 Bd7 16. Qxf8+ Kxf8 17. h3 Bc6 18.
Nd2 Qb7 19. Bf1 h5 20. Nc4 h4 21. Ne3 Nd5 22. Nxd5 Bxd5 23. c4 Bc6 24. Rad1 d5 25.
b3 g6 26. Re5 Bf6 27. Re3 Qe7 28. Rf3 Kg7 29. Re3 Qb4 30. Be2 Qa3 31. Bf3 Qxa2 32.
cxd5 Bxd5 33. Bxd5 exd5 34. Rc3 Bxd4 35. Rcd3 Qxf2+ 36. Kh1 Be5 37. Rxd5 Qg3 38. Kg1 Qxb3 39. Rd7 a5 40. Re1 Bg3 41. Rf1 a4 42. Ra7 a3 43.
Kh1 a2 44. Rb7 Be5 45. g3 Qd5+ 46. Kh2 hxg3+ 47. Kg1 Bd4+ 48. Rf2 0-1

[Event "*** Titled Tuesday Blitz"]
[Site "Chess.com"]
[Date "2020.01.07"]
[Round "6"]
[White "HrvojeZagreb"]
[Black "Kostina_Nadezhda"]
[Result "0-1"]
[WhiteElo "2215"]
[BlackElo "2136"]
[TimeControl "180+2"]
[EndTime "14:24:31 PST"]
[Termination "Kostina_Nadezhda won by resignation"]

1. d4 Nf6 2. Bf4 d5 3. e3 g6 4. h4 h5 5. Nc3 c6 6. f3 Qb6 7. Qd2 Bg7 8. O-O-O Nbd7 9. e4 a5 10.
e5 Ng8 11. g4 Nf8 12. Be2 Ne6 13. Be3 a4 14. a3 Qa5 15. Nh3 hxg4 16. Ng5 Nxg5 17.
hxg5 Rxh1 18. Rxh1 gxf3 19. Bxf3 Bf5 20. Kb1 b5 21.
Na2 Qxd2 22. Bxd2 e6 23. Rh7 Bf8 24. Rh8 Ne7 25. Bb4 Kd7 26. Bd6 Rc8 27. Nb4 Bg7 28.
Rh7 Rg8 29. Bxe7 Kxe7 30. Nxc6+ Kd7 31. Na7 Rh8 32. Rxg7 Ke7 33. Nxb5 Kf8 34. Rxf7+ Kxf7 35. Nc3 Rh2 36. Bd1 Rd2 37. Kc1 Rxd4 38. b3 axb3 39. cxb3 Rd3 40. Kb2 d4 41. Nb5 Rxd1 42. a4 d3 43. a5 d2 44. Kc3 Ra1 45. Kxd2 Rxa5 46. Nc3 Rxe5 47. b4 Be4 48. b5 Bg2 49. Kd3 Rxg5 50.
b6 Rc5 51. Ne4 Bxe4+ 52. Kxe4 Rb5 0-1

[Event "*** Titled Tuesday Blitz"]
[Site "Chess.com"]
[Date "2020.01.07"]
[Round "6"]
[White "dawtonlms"]
[Black "stoleriu"]
[Result "0-1"]
[WhiteElo "2345"]
[BlackElo "2555"]
[TimeControl "180+2"]
[EndTime "14:24:32 PST"]
[Termination "stoleriu won on time"]

1. e4 e6 2. d4 d5 3. Nc3 Bb4 4.
e5 c5 5. a3 Bxc3+ 6. bxc3 Qc7 7. Qg4 f6 8. Nf3 c4 9. h4 Nc6 10. Bf4 h5 11. Qg3 Qf7 12. Be2 Nge7 13. exf6 gxf6 14. Bd2 Rg8 15. Qh2 Nf5 16. Kf1 Bd7 17. Qc7 Bc8 18. Qh2 b6 19. Re1 Bb7 20. Qf4 Rg4 21. Qh2 O-O-O 22. Ng1 Rxh4 23. Nh3 Rg8 24. g3 Re4 25. Rg1 e5 26. f3 Ne3+ 27. Kf2 exd4 28. fxe4 Nxc2 29. Rc1 d3 30. Bf3 Ne5 31. Nf4 dxe4 32. Bxh5 Qe7 33. Ng2 Rh8 34. Be3 Ng4+ 35. Bxg4+ Kc7 36. Qxh8 f5 37. Bf4+ Kc6 38. Qh6+ Kb5 39.
Rb1+ Ka4 40. Bd1 e3+ 41. Nxe3 Qe4 42. Qg6 Kxa3 43. Bd6+ Ka2 44. Bxc2 Qf3+ 0-1

[Event "*** Titled Tuesday Blitz"]
[Site "Chess.com"]
[Date "2020.01.07"]
[Round "6"]
[White "13MiRacLe"]
[Black "chigorin28"]
[Result "1-0"]
[WhiteElo "2709"]
[BlackElo "2461"]
[TimeControl "180+2"]
[EndTime "14:24:33 PST"]
[Termination "13MiRacLe won by resignation"]

1. e4 c5 2. Nf3 d6 3. d4 cxd4 4. Nxd4 Nf6 5. Nc3 a6 6. h3 e5 7. Nde2 Be7 8. g4 Be6 9. Ng3 d5 10. exd5 Nxd5 11. Bg2 Nxc3 12. Qxd8+ Bxd8 13. bxc3 Nc6 14. Rb1 Na5 15. Nf5 Bxf5 16. gxf5 Rc8 17. Bd2 O-O 18. O-O b5 19. Bd5 Nc4 20. Bc1 Rc7 21. a4 Nb6 22. Bb3 bxa4 23. Ba2 Rxc3 24. Be3 Nc4 25.
Bc5 Re8 26. Rb8 Nd2 27. Rd1 Rxc2 28. Bb1 Nf3+ 29. Kh1 Rd2 30. Rxd2 Nxd2 31. Bc2 Nc4 32. Bxa4 Rf8 33. Bxf8 Kxf8 34. Rxd8+ Ke7 35. Ra8 Kf6 36. Bb3 Nd2 37. Rxa6+ Kxf5 38. Bxf7 Ne4 39. Bg8 Nxf2+ 40. Kg2 Nd1 41. Bxh7+ Kf4 42. Ra7 Ne3+ 43.
Kf2 Nd5 44. Rxg7 e4 45. Rg4+ Ke5 46. Rxe4+ 1-0

[Event "*** Titled Tuesday Blitz"]
[Site "Chess.com"]
[Date "2020.01.07"]
[Round "6"]
[White "AlexandraBotez"]
[Black "narutosmith"]
[Result "1-0"]
[WhiteElo "2127"]
[BlackElo "2234"]
[TimeControl "180+2"]
[EndTime "14:24:33 PST"]
[Termination "AlexandraBotez won on time"]

1. d4 Nf6 2. c4 e6 3. Nf3 Bb4+ 4. Bd2 a5 5. g3 d6 6. Bg2 Qe7 7. O-O e5 8. a3 Bxd2 9. Nbxd2 O-O 10. e3 a4 11. Ne1 Nc6 12. d5 Nb8 13. Nd3 e4 14. Nf4 Bg4 15. Qc2 g5 16. Nh3 h6 17. Kh1 Nbd7 18.
Ng1 Nc5 19. h3 Bh5 20. g4 Bg6 21. Ne2 h5 22. gxh5 Nxh5 23. Nd4 Nd3 24. Kg1 f5 25. Ne6 Rf7 26. Rad1 Qf6 27. Rb1 Rh7 28. Qc3 Ne5 29.
b4 Nf3+ 30. Nxf3 Qxc3 31. Nfxg5 Rh8 32. Nxc7 Qf6 33. h4 Rf8 34. Nce6 Re8 35. c5 Ng7 36.
cxd6 Nxe6 37. dxe6 Rxe6 38. Nxe6 Qxe6 39. Rfd1 Qd7 40.
Rbc1 Be8 41. Rc7 Qb5 42. d7 Bxd7 43. Rdxd7 Qe5 44. Rd8+ 1-0

[Event "*** Titled Tuesday Blitz"]
[Site "Chess.com"]
[Date "2020.01.07"]
[Round "6"]
[White "MarcoRiehle"]
[Black "GMBenjaminBok"]
[Result "1-0"]
[WhiteElo "2667"]
[BlackElo "2845"]
[TimeControl "180+2"]
[EndTime "14:24:34 PST"]
[Termination "MarcoRiehle won by resignation"]

1. d4 d5 2. Nf3 Nf6 3. e3 b6 4.
Bd3 Bb7 5. O-O Nbd7 6. c4 e6 7. Nc3 Bd6 8. Qc2 dxc4 9. Bxc4 Bxf3 10. gxf3 O-O 11. Ne4 Nxe4 12. Qxe4 Qe7 13. f4 c5 14.
dxc5 Nxc5 15. Qg2 Rac8 16. b3 e5 17. Bb2 g6 18. f5 Kg7 19. Rad1 Rfd8 20. f4 f6 21.
fxg6 hxg6 22. h4 exf4 23. h5 Qxe3+ 24. Kh1 Qe4 25. Rf3 Be5 26. Rxd8 Rxd8 27. Bxe5 fxe5 28. Kg1 Qf5 29. Rh3 Rd1+ 30. Bf1 Ne6 31. Qb7+ Kh6 32. hxg6+ Qxh3 33. Qh7+ Kg5 34. Qxh3 Ng7 35. Qh7 Kf6 36. Qh4+ Kf5 37. Qh7 Kf6 38. Qh4+ Kf5 39. Kf2 Rd2+ 40.
Ke1 Rxa2 41. Qe7 Kxg6 42. Bd3+ Kh6 43. Qf6+ Kh5 44. Be2+ Rxe2+ 45. Kxe2 Ne8 46. Qxe5+ 1-0

[Event "*** Titled Tuesday Blitz"]
[Site "Chess.com"]
[Date "2020.01.07"]
[Round "6"]
[White "Hadza_3"]
[Black "DamianoLew95"]
[Result "1-0"]
[WhiteElo "2409"]
[BlackElo "2580"]
[TimeControl "180+2"]
[EndTime "14:24:36 PST"]
[Termination "Hadza_3 won by resignation"]

1. e4 c5 2. Nc3 Nc6 3. Bc4 e6 4. d3 Nf6 5. a3 a6 6. Ba2 d5 7.
Nge2 d4 8. Nb1 Be7 9. O-O O-O 10.
Nd2 b5 11. h3 Bb7 12. f4 c4 13. Nf3 cxd3 14. cxd3 b4 15. Qe1 bxa3 16. bxa3 Rb8 17. Ne5 Nxe5 18. fxe5 Nd7 19. Qg3 Bh4 20. Qf4 h6 21.
Kh1 Bg5 22. Qg3 Bxc1 23. Raxc1 Qa5 24. Nxd4 Qxe5 25. Qf2 Nf6 26. Nf3 Qa5 27. Qg3 Qxa3 28.
Bc4 Rbd8 29. Ne5 Qd6 30. Rxf6 Kh7 31. Rf3 a5 32. Rcf1 f6 33. Ng6 Rf7 34. Qxd6 Rxd6 35. Nf4 Re7 36. Ra1 f5 37. Rxa5 fxe4 38. dxe4 Bxe4 39. Re3 Bb7 40. Rae5 Rd4 41. Bd3+ Kg8 42. Nxe6 Red7 43. Bg6 Rd2 44. Nf4 Rd1+ 45. Kh2 1-0

[Event "*** Titled Tuesday Blitz"]
[Site "Chess.com"]
[Date "2020.01.07"]
[Round "6"]
[White "Kimster98"]
[Black "Terao90"]
[Result "0-1"]
[WhiteElo "2590"]
[BlackElo "2455"]
[TimeControl "180+2"]
[EndTime "14:24:39 PST"]
[Termination "Terao90 won by resignation"]

1. Nf3 c5 2. c4 g6 3. d4 cxd4 4. Nxd4 Nc6 5. e4 Nf6 6. Nc3 d6 7. Be2 Nxd4 8. Qxd4 Bg7 9. Be3 O-O 10. Qd2 a5 11. f3 a4 12. Kf2 Be6 13. Nb5 Qa5 14.
Qxa5 Rxa5 15. Nd4 Nd7 16. Rab1 Nc5 17. Rhc1 Rc8 18. Rc2 b5 19. b4 axb3 20. axb3 b4 21. Nxe6 fxe6 22. Bd2 Bd4+ 23. Kf1 Rb8 24. Rcc1 Ra2 25.
Be1 Kf7 26. Rd1 e5 27. Rd2 Ra3 28. Bd1 Bc3 29. Rd5 Bxe1 30. Kxe1 Ra2 31. Rd2 Rba8 32. Bc2 Ne6 33. Bd3 Rxd2 34. Kxd2 Ra2+ 35. Ke3 Rxg2 36. Ra1 Nd4 37. Ra4 Nxb3 38. Rxb4 Nc5 39. Be2 Rxh2 40. Rb8 h5 41. Rh8 h4 42. f4 exf4+ 43. Kf3 g5 44. Bf1 Rb2 45. Bh3 Rb3+ 46. Kg2 Rg3+ 47. Kh2 g4 48. Bf1 h3 49. Rh7+ Kf6 50. Rh8 Nxe4 51. Rf8+ Ke5 52. Rf7 e6 53. c5 dxc5 54. Bc4 Rc3 0-1

[Event "*** Titled Tuesday Blitz"]
[Site "Chess.com"]
[Date "2020.01.07"]
[Round "6"]
[White "Mikasinski"]
[Black "Sergey85Rodchenkov"]
[Result "1-0"]
[WhiteElo "2300"]
[BlackElo "2456"]
[TimeControl "180+2"]
[EndTime "14:24:40 PST"]
[Termination "Mikasinski won by resignation"]

1. e4 c5 2. Nf3 e6 3. d4 cxd4 4. Nxd4 a6 5. Be2 Qc7 6. O-O Nf6 7. Nc3 Nc6 8. Be3 Be7 9. f4 d6 10. Kh1 O-O 11. Qe1 Nxd4 12. Bxd4 b5 13. Bf3 Bb7 14. a3 Bc6 15. Qg3 Rad8 16. Rad1 Qb7 17. e5 dxe5 18. Bxe5 Bxf3 19. Qxf3 Qxf3 20. Rxf3 Rxd1+ 21. Nxd1 Rd8 22. Rd3 Rxd3 23. cxd3 Nd5 24. g3 b4 25. a4 b3 26. Kg2 Nb4 27. Nf2 Bc5 28. Bc3 Nd5 29.
Nd1 f5 30. Kf3 Kf7 31. Ke2 h6 32. Kd2 g5 33. d4 Bd6 34. fxg5 hxg5 35. Kd3 g4 36.
Bd2 f4 37. gxf4 Nxf4+ 38. Kc4 Nh3 39. Ne3 Nf2 40. Be1 Bxh2 41. Bxf2 g3 42. Be1 Kg6 43. Kd3 Kg5 44. Ke4 Kh4 45. Kf3 Kh3 46. Ng2 Bg1 47.
Nf4+ Kh4 48. Bxg3+ Kg5 49. Ne2 1-0

[Event "*** Titled Tuesday Blitz"]
[Site "Chess.com"]
[Date "2020.01.07"]
[Round "6"]
[White "Sjakkerntobi"]
[Black "r31415"]
[Result "0-1"]
[WhiteElo "2289"]
[BlackElo "2475"]
[TimeControl "180+2"]
[EndTime "14:24:45 PST"]
[Termination "r31415 won by resignation"]

1. e4 e5 2. Nf3 Nc6 3. Bb5 Nf6 4.
O-O Nxe4 5. Re1 Nd6 6. Nxe5 Be7 7. Bf1 Nf5 8. c3 Nxe5 9. Rxe5 d5 10. d4 O-O 11. Bd3 Nh4 12. Bf4 c6 13. Nd2 Ng6 14. Bxg6 hxg6 15. Bg3 Bd6 16. Re3 Bxg3 17. hxg3 Bd7 18.
Qe2 Re8 19. Re1 Qa5 20. a3 Rxe3 21. fxe3 Re8 22. Qf3 Qb5 23. Rf1 Be6 24. e4 dxe4 25. Nxe4 Bd5 26. Re1 Re6 27. Qf4 Bxe4 28. Rxe4 Rxe4 29.
Qxe4 Qxb2 30. Qe8+ Kh7 31. Qxf7 Qxc3 32. Qxb7 Qxd4+ 33. Kh2 Qc5 34. a4 Qh5+ 35. Kg1 Qd1+ 36. Kh2 Qxa4 37.
Qc8 Qb5 38. Qd7 a5 39. g4 a4 40. Qd8 Qd5 41. Qh4+ Kg8 42. Qg3 Kh7 43. Qh4+ Kg8 44.
Qg3 Qb5 45. Qh4 g5 46. Qh5 Qe5+ 47. Kh3 Qe3+ 48. Kh2 Qf4+ 49. Kh3 Qe3+ 50. Kh2 Qe6 51. Qxg5 Qh6+ 52. Qxh6 gxh6 53. Kg3 a3 54. Kf4 a2 0-1

[Event "*** Titled Tuesday Blitz"]
[Site "Chess.com"]
[Date "2020.01.07"]
[Round "6"]
[White "tomozupan"]
[Black "esteban062000"]
[Result "1-0"]
[WhiteElo "2196"]
[BlackElo "2074"]
[TimeControl "180+2"]
[EndTime "14:24:48 PST"]
[Termination "tomozupan won by resignation"]

1. d4 Nf6 2. Bg5 Ne4 3. Bf4 d5 4. f3 Nd6 5. Nd2 Bf5 6. e3 Nc6 7. Bd3 Bg6 8. Qe2 Nb4 9. Bxg6 hxg6 10. Nb3 e6 11. a3 Nc6 12. Nc5 Be7 13. Qd3 b6 14.
Nb3 Bh4+ 15. g3 Bg5 16. Ne2 Bxf4 17. Nxf4 Qd7 18. O-O-O Nc4 19. e4 g5 20. exd5 gxf4 21. Qxc4 Qxd5 22. Qxd5 exd5 23. Rde1+ Kd7 24. g4 Rh3 25. Ref1 Rah8 26. Rf2 Re8 27. c3 Kd6 28. Kd2 Reh8 29. Nc1 Ne7 30. Nd3 g5 31. Ne5 f6 32.
Nf7+ Kd7 33. Nxh8 Rxh8 34. h4 gxh4 35. Rfh2 Ng6 36. Re1 Re8 37. Rxe8 Kxe8 38. Kd3 Ke7 39. c4 Kd6 40. b3 c5 41. dxc5+ bxc5 42. cxd5 Kxd5 43.
Kc3 Kc6 44. Re2 Ne5 45. Re4 Ng6 46. Re6+ Kd5 47. Rxf6 Ne5 48. Rf5 Ke6 49. Rxf4 h3 50. Rf8 Ng6 51. Re8+ Kd7 52. Re2 Nf4 53. Rh2 Kd6 54.
Kc4 a6 55. g5 Ke6 56. b4 cxb4 57. Kxb4 Kf5 58. Ka5 Kxg5 59. Kxa6 Kh4 60. a4 Kg3 61. Rh1 Nd5 62. a5 Kxf3 63. Rxh3+ Kg4 64. Rh1 Kf5 65. Kb7 Ke6 66. a6 Ne7 67. Re1+ Kd7 1-0

[Event "*** Titled Tuesday Blitz"]
[Site "Chess.com"]
[Date "2020.01.07"]
[Round "6"]
[White "Duhless"]
[Black "KhazarBabazada"]
[Result "1/2-1/2"]
[WhiteElo "3115"]
[BlackElo "2932"]
[TimeControl "180+2"]
[EndTime "14:24:49 PST"]
[Termination "Game drawn by repetition"]

1. c4 Nf6 2. Nc3 g6 3. e4 d6 4.
d4 Bg7 5. f4 O-O 6. Nf3 c5 7.
d5 e6 8. dxe6 Bxe6 9. Bd3 Nc6 10.
f5 Bc8 11. O-O gxf5 12. Bg5 Kh8 13. Nd5 Be6 14. Nh4 h6 15. Nxf6 Bxf6 16. Bxf6+ Qxf6 17. Nxf5 Rg8 18. Qd2 Rg6 19. e5 Nxe5 20. Nxd6 Qg5 21. Qxg5 Rxg5 22. Be4 Rd8 23. Nxb7 Rd2 24. Nxc5 Bxc4 25.
h4 Rg4 26. Rf2 Rd4 27. b3 Be6 28. Re1 Rxh4 29. Bc2 Rd5 30. Nxe6 fxe6 31. Rfe2 Rc5 32. Bb1 Rh5 33. b4 Rd5 34. a3 Rg5 35. Rf1 Kg7 36.
Ba2 Rd3 37. Bxe6 Nf3+ 38. Kf2 Nd4 39. Re4 Nxe6 40. Rxe6 Rxa3 41. Rfe1 Ra2+ 42. R1e2 Rxe2+ 43. Rxe2 a5 44. bxa5 Rxa5 45. Kg3 Rg5+ 46. Kh4 Kg6 47. g4 Ra5 48. Re6+ Kg7 49. Rb6 Rg5 50. Rb7+ Kg6 51. Rb6+ Kg7 52. Rb7+ Kg6 53. Rb6+ Kg7 1/2-1/2

[Event "*** Titled Tuesday Blitz"]
[Site "Chess.com"]
[Date "2020.01.07"]
[Round "6"]
[White "chesstatour"]
[Black "Marty435"]
[Result "0-1"]
[WhiteElo "1990"]
[BlackElo "2361"]
[TimeControl "180+2"]
[EndTime "14:24:51 PST"]
[Termination "Marty435 won by resignation"]

1. c4 Nf6 2. Nc3 c6 3. d4 d5 4. Nf3 a6 5. cxd5 cxd5 6. Bf4 Nc6 7. e3 Bf5 8. Be2 e6 9. O-O Bd6 10. Be5 Bxe5 11. dxe5 Nd7 12. Nd4 Bg6 13. f4 Qb6 14. Na4 Qa7 15. Rc1 Rc8 16. Qd2 O-O 17. g4 Be4 18. Nc3 Nxd4 19. exd4 Nb8 20. Rcd1 Nc6 21. h3 Rfd8 22. Kh2 Qb6 23. f5 Qb4 24. f6 g6 25.
h4 Qf8 26. Nxe4 dxe4 27. Qf4 Nxd4 28. Qxe4 Nc6 29. Rxd8 Rxd8 30. Qe3 Rd5 31. Bf3 Rxe5 32. Qc3 Qd6 33. Kg2 Rc5 34. Qe3 Rc2+ 35. Rf2 Rxf2+ 36. Qxf2 Qd4 37. Bxc6 Qxf2+ 38. Kxf2 bxc6 39. Ke3 Kf8 40. Kd4 Ke8 41. Kc5 Kd7 42. b4 Kc7 43. g5 Kd7 44. a3 Kc7 45. Kd4 Kd6 46. Ke4 e5 47. Kd3 Kd5 48. Ke3 c5 49. bxc5 Kxc5 50. Ke4 Kd6 51. Ke3 Kd5 52. Kd3 e4+ 53. Ke3 Ke5 54.
Ke2 Kf4 55. Kf2 Kg4 56. Ke3 Kxh4 57. Kf4 e3 0-1

[Event "*** Titled Tuesday Blitz"]
[Site "Chess.com"]
[Date "2020.01.07"]
[Round "6"]
[White "KRASAVCHIK2002"]
[Black "IgorBjelobrk"]
[Result "1-0"]
[WhiteElo "2489"]
[BlackElo "2627"]
[TimeControl "180+2"]
[EndTime "14:24:52 PST"]
[Termination "KRASAVCHIK2002 won by resignation"]

1. e4 e5 2. Nf3 Nc6 3. Bb5 Nf6 4. O-O Nxe4 5. d4 Nd6 6. Bxc6 dxc6 7. dxe5 Nf5 8.
Qxd8+ Kxd8 9. Nc3 Be7 10. Rd1+ Ke8 11. h3 Nh4 12. Nd4 Nf5 13. Nf3 h5 14. b3 Be6 15.
Ne4 Bd5 16. Neg5 b5 17. Bb2 a5 18. a4 b4 19. Re1 h4 20. e6 f6 21. Ne4 c5 22.
Rad1 Rd8 23. Nfd2 Rh5 24. Nc4 Bxc4 25. bxc4 Nd4 26. Bxd4 Rxd4 27. Rxd4 cxd4 28. Nd2 c5 29. Nb3 Bd8 30. e7 Bxe7 31. Re6 Kd7 32. Ra6 Re5 33. Kf1 Bd8 34. Nxa5 Bxa5 35. Rxa5 g5 36. Rb5 Kc6 37. a5 Kc7 38. a6 Re6 39. Rxc5+ Kb6 40. Rb5+ Kxa6 41.
Rxb4 Rc6 42. Ke2 Ka5 43. Rb5+ Ka4 44. Kd3 Rd6 45. Rf5 Kb4 46. c5 Re6 47. Kxd4 Kb5 48.
Kd5 Rc6 49. c4+ 1-0

[Event "*** Titled Tuesday Blitz"]
[Site "Chess.com"]
[Date "2020.01.07"]
[Round "6"]
[White "IMUltimateBeast"]
[Black "TigrVShlyape"]
[Result "0-1"]
[WhiteElo "2641"]
[BlackElo "2816"]
[TimeControl "180+2"]
[EndTime "14:24:54 PST"]
[Termination "TigrVShlyape won by resignation"]

1. d4 d5 2. Bf4 c6 3. e3 Bf5 4. Bd3 Bg6 5. Nf3 Nd7 6. O-O e6 7.
c4 Ngf6 8. Nc3 Be7 9. Bxg6 hxg6 10. h3 dxc4 11. e4 b5 12. Qe2 O-O 13. Rfd1 Re8 14. a4 a6 15. a5 Qc8 16. Bg3 c5 17. e5 Nd5 18. Nxd5 exd5 19. e6 Nf6 20. exf7+ Kxf7 21. Ne5+ Kg8 22. Nxg6 Bd6 23. Qf3 Bxg3 24. Qxg3 Re4 25.
Re1 Qe6 26. f3 Nh5 27. Rxe4 dxe4 28. Qg4 Qxg4 29. hxg4 Nf6 30. dxc5 Kf7 31. Ne5+ Ke6 32. Ng6 Kd5 33. Rd1+ Kxc5 34. g5 Nd5 35. fxe4 Nb4 36. Rd7 Rg8 37. Ne7 Re8 38. Kf2 Nd3+ 39. Ke3 Nxb2 40.
Nf5 g6 41. Ne7 c3 42. Nxg6 Nc4+ 43. Kd3 Rxe4 44. Kxe4 c2 45. Kf5 c1=Q 46. Nf4 Ne3+ 47. Kg6 Qb1+ 48. Kh6 Qf5 49. Rd5+ Nxd5 0-1

[Event "*** Titled Tuesday Blitz"]
[Site "Chess.com"]
[Date "2020.01.07"]
[Round "6"]
[White "nurmiTV"]
[Black "BobanBogosavljevic"]
[Result "1-0"]
[WhiteElo "2549"]
[BlackElo "2710"]
[TimeControl "180+2"]
[EndTime "14:24:59 PST"]
[Termination "nurmiTV won by resignation"]

1. c4 e5 2. Nc3 Nc6 3. g3 Bc5 4. Bg2 a6 5. e3 d6 6. Nge2 Ba7 7.
a3 Nge7 8. b4 h5 9. h4 Bg4 10.
Bb2 Qd7 11. d3 Nf5 12. Nd5 Nfe7 13. Ndc3 O-O 14. Qd2 Rab8 15. O-O b5 16. cxb5 axb5 17. Rac1 Nd8 18. d4 f6 19. Ne4 Bh3 20. Rfd1 Bxg2 21.
Kxg2 Ng6 22. f3 Ne6 23. Qc2 Bb6 24. Nxd6 Nxh4+ 25. gxh4 cxd6 26. Qg6 Qf7 27. Qg3 Rfc8 28. Kf2 Kh7 29. Rg1 exd4 30. exd4 d5 31. Rgd1 Rc4 32.
Qxb8 Bc7 33. Qxb5 Qg6 34. Rxc4 dxc4 35. Qxc4 Nf4 36. Nxf4 Bxf4 37. Qd3 Bg3+ 38. Kg2 f5 39. Rg1 Bxh4+ 40. Kf1 Bg3 41. d5 h4 42. d6 h3 43. d7 h2 44. Rh1 Qb6 45. Qxf5+ Kg8 46. Qd5+ Kh7 47. Qd4 Qb5+ 48. Kg2 Qg5 49. Qxg7+ Qxg7 50. Bxg7 1-0

[Event "*** Titled Tuesday Blitz"]
[Site "Chess.com"]
[Date "2020.01.07"]
[Round "6"]
[White "ShahMatKanal"]
[Black "vugarrasulov"]
[Result "0-1"]
[WhiteElo "2550"]
[BlackElo "2840"]
[TimeControl "180+2"]
[EndTime "14:25:00 PST"]
[Termination "vugarrasulov won on time"]

1. d4 Nf6 2. c4 g6 3. Nc3 d5 4.
cxd5 Nxd5 5. e4 Nxc3 6. bxc3 Bg7 7. Bb5+ c6 8. Ba4 O-O 9. Ne2 c5 10. O-O Nd7 11. Be3 Qc7 12. Rc1 b6 13. Qd2 Bb7 14. d5 c4 15. Bxd7 Qxd7 16. Bd4 e5 17. dxe6 Qxe6 18. Bxg7 Kxg7 19. Qd4+ Kg8 20. Ng3 Rad8 21.
Qe3 Rd3 22. Qe2 Rfd8 23. Rc2 h5 24. f3 Qe5 25. Rfc1 Bc6 26. Nf1 Ba4 27. Rd2 Qf4 28.
Rxd3 cxd3 29. Qd2 Qc7 30. Ne3 Qc5 31. Kf1 Kh7 32. Nd5 Rxd5 33. exd5 Qxd5 34. c4 Qd4 35. Rc3 Bc2 36. Rxc2 dxc2 37. Qxc2 Kg7 38. g3 Kf6 39.
h4 Ke6 40. Ke2 Kd6 41. Qa4 a5 42. Qb5 Qc5 43. Qb3 Kc7 44. Qd3 Qe5+ 45. Kf2 Qb2+ 46. Qe2 Qxe2+ 47. Kxe2 Kc6 48. Kd3 b5 49. cxb5+ Kxb5 50. Kc3 Ka4 51. g4 Ka3 52. g5 Kxa2 53. Kc2 a4 54. Kc3 Ka3 55. f4 Ka2 56. Kc2 a3 57. Kc3 Kb1 58. Kb3 a2 0-1

[Event "*** Titled Tuesday Blitz"]
[Site "Chess.com"]
[Date "2020.01.07"]
[Round "6"]
[White "AminMolaei"]
[Black "MathiasWomacka"]
[Result "1/2-1/2"]
[WhiteElo "2574"]
[BlackElo "2369"]
[TimeControl "180+2"]
[EndTime "14:25:00 PST"]
[Termination "Game drawn by repetition"]

1. d4 Nf6 2. c4 e6 3. Nc3 Bb4 4. Qc2 c5 5. dxc5 O-O 6. a3 Bxc5 7. Bf4 b6 8. e3 Bb7 9. Nf3 Nc6 10. Rd1 Be7 11.
Be2 Rc8 12. O-O Na5 13. Ne5 d6 14. b4 Qc7 15. bxa5 dxe5 16. axb6 axb6 17. Bg3 Ba6 18. Qb2 Bxc4 19. Rc1 Bxe2 20. Nxe2 Qa7 21. Ra1 e4 22.
Rfb1 Nd5 23. Ra2 Rc4 24. h3 Rfc8 25. Qb3 h6 26. Kh2 f5 27. Re1 Kh7 28. Nd4 Qd7 29.
a4 Nc3 30. Raa1 Nxa4 31. Nxe6 Qxe6 32. Rxa4 R4c6 33. Qb5 Bd6 34. Ra7 Bxg3+ 35. fxg3 R8c7 36. Rea1 Rxa7 37. Rxa7 Rc2 38. Qb4 Qc4 39. Qf8 Rxg2+ 40. Kxg2 Qe2+ 41. Kg1 Qe1+ 42. Kh2 Qe2+ 43. Kh1 Qe1+ 44.
Kh2 Qe2+ 45. Kg1 Qe1+ 46. Kg2 Qe2+ 47. Kh1 Qe1+ 48. Kh2 1/2-1/2

[Event "*** Titled Tuesday Blitz"]
[Site "Chess.com"]
[Date "2020.01.07"]
[Round "6"]
[White "adriangschnitzer"]
[Black "Chessmatus"]
[Result "0-1"]
[WhiteElo "2517"]
[BlackElo "2359"]
[TimeControl "180+2"]
[EndTime "14:25:02 PST"]
[Termination "Chessmatus won by resignation"]

1. c4 Nf6 2. Nc3 e5 3. Nf3 Nc6 4. e3 Bb4 5. Qc2 O-O 6. Nd5 Re8 7. Qf5 d6 8. Nxf6+ gxf6 9. Qh5 d5 10. cxd5 Qxd5 11. b3 Be6 12. Bb2 Rad8 13. O-O-O Qa5 14.
Kb1 Bxd2 15. Nxd2 Rxd2 16. Bc4 Bxc4 17. Qg4+ Kh8 18. Qxc4 Rxd1+ 19. Rxd1 Re7 20. Qh4 Kg7 21. f4 Qb4 22. Qg3+ Kf8 23. fxe5 Qe4+ 24. Ka1 fxe5 25.
Ba3 Nb4 26. Rd8+ Re8 27. Rxe8+ Kxe8 28. Qg8+ Ke7 29. Qc8 a5 30. Qxc7+ Kf6 31. Qd6+ Kg7 32. Bxb4 axb4 33. Qd2 h6 34. Kb2 b6 35. Qf2 Qc6 36. Qg3+ Kf6 37. Qf3+ Qxf3 38. gxf3 Kf5 39. Kc2 e4 40.
fxe4+ Kxe4 41. Kd2 Kf3 42. Kd3 Kg2 43. Ke4 Kxh2 44.
Kf5 Kg3 45. e4 h5 46. e5 h4 47.
Kf6 h3 48. Kxf7 h2 49. e6 h1=Q 50. e7 Qf3+ 51. Kg8 Qd5+ 52. Kf8 Qf5+ 53. Kg8 Qe6+ 54. Kf8 Qf6+ 55. Ke8 Kf4 56. Kd7 Qd4+ 57. Kc8 Qc5+ 58.
Kd8 Qd6+ 59. Ke8 Ke5 60. Kf7 Qe6+ 61. Kf8 Qf6+ 62. Ke8 Kd6 0-1

[Event "*** Titled Tuesday Blitz"]
[Site "Chess.com"]
[Date "2020.01.07"]
[Round "6"]
[White "Yaacovn"]
[Black "Vugar_Manafov"]
[Result "1-0"]
[WhiteElo "2812"]
[BlackElo "2603"]
[TimeControl "180+2"]
[EndTime "14:25:04 PST"]
[Termination "Yaacovn won by resignation"]

1. d4 Nf6 2. Nf3 e6 3. e3 c5 4.
c3 b6 5. Bd3 Bb7 6. O-O d6 7.
Nbd2 Nc6 8. Qe2 Be7 9. a3 a5 10. e4 e5 11. dxe5 dxe5 12. Nc4 Qc7 13. a4 O-O 14.
Bg5 h6 15. Bxf6 Bxf6 16. Rad1 Rad8 17. Ne3 Na7 18. h3 Nc8 19. Ng4 Qe7 20. Ba6 Bc6 21.
Bb5 Bb7 22. Nd2 Nd6 23. Bd3 Kh7 24. Nc4 Nxc4 25. Bxc4 Bg5 26. Bd5 Bxd5 27. Rxd5 Rxd5 28. exd5 f5 29. Ne3 Bxe3 30. Qxe3 Qd6 31. c4 g5 32. Re1 Re8 33. g4 fxg4 34. Qe4+ Kg7 35. hxg4 Qf6 36. Kg2 Kg8 37. Re3 Kg7 38. Rf3 Qg6 39. Rf5 Re7 40. f3 Re8 41. Rxe5 Rxe5 42. Qxe5+ Kf8 43. Kg3 Qf7 44. Qf5 Kg7 45. Qxf7+ Kxf7 46. f4 gxf4+ 47. Kxf4 Kf6 48. Kg3 Kg5 49. Kh3 Kf4 50. d6 1-0

[Event "*** Titled Tuesday Blitz"]
[Site "Chess.com"]
[Date "2020.01.07"]
[Round "6"]
[White "dragos420"]
[Black "IMRosen"]
[Result "0-1"]
[WhiteElo "2430"]
[BlackElo "2577"]
[TimeControl "180+2"]
[EndTime "14:25:10 PST"]
[Termination "IMRosen won by resignation"]

1. e4 e5 2. Nf3 Nf6 3. Nxe5 Nc6 4. Nxc6 dxc6 5. Nc3 Bc5 6. Bd3 Ng4 7. Qf3 Bxf2+ 8. Kd1 Bc5 9. Rf1 Ne5 10. Qg3 Ng6 11. Bc4 O-O 12. d3 Be6 13. Bxe6 fxe6 14. Rxf8+ Qxf8 15. Ke2 e5 16. Bd2 Nf4+ 17. Bxf4 Qxf4 18. Qxf4 exf4 19. Kf3 Rf8 20. Ne2 g5 21. d4 Be7 22. h3 Kg7 23. Rd1 Rd8 24. e5 Kg6 25. Ke4 h6 26. c4 Bf8 27. d5 Bg7 28. b3 Re8 29. e6 cxd5+ 30. cxd5 c6 31. Rc1 cxd5+ 32.
Kxd5 Rd8+ 33. Ke4 Rd6 34. Kf3 Rxe6 35. Rc4 b5 36. Rc5 Re3+ 37. Kf2 Re5 38. Rc6+ Kf5 39. Nd4+ Ke4 40. Nf3 Rd5 41. Re6+ Kf5 42. Re7 Bf8 43.
Re2 Bc5+ 44. Ke1 h5 45. Rc2 g4 46. hxg4+ hxg4 47. Nd2 Bb4 48. Ke2 Rxd2+ 49. Rxd2 Bxd2 50. Kxd2 Ke4 51. Ke2 f3+ 52. gxf3+ gxf3+ 53. Kf2 Kf4 54. a3 a5 55. a4 b4 56. Kf1 Ke3 57. Ke1 Kd3 58.
Kf2 Kc3 59. Kxf3 Kxb3 60. Ke3 Kxa4 61. Kd3 Ka3 62. Kc2 Ka2 63. Kd3 b3 64. Kc4 b2 65.
Kb5 b1=Q+ 66. Ka4 Qb3+ 67. Kxa5 Kb2 68. Ka6 Kc3 69. Ka7 Kc4 70. Ka8 Kc5 0-1